 Dungeon Crawl Stone Soup version 0.27-a0-899-ge2d0b17c59 (webtiles) character file.

Game seed: 6283899990522575118

109 siradein the Magician (level 4, -14/31 HPs)
             Began as a Djinni Ice Elementalist on Apr 5, 2021.
             Was an Initiate of Makhleb.
             Demolished by an ogre
             ... wielding a +0 giant club
              (25 damage)
             ... on level 4 of the Dungeon.
             The game lasted 00:13:25 (3275 turns).

siradein the Magician (Djinni Ice Elementalist)     Turns: 3275, Time: 00:13:25

Health: -14/31     AC: 10    Str:  7    XL:     4   Next: 90%
Gold:   157        EV: 12    Int: 17    God:    Makhleb [......] SH:  0 Dex: 14

rFire    + + .     SeeInvis .   (no weapon)
rCold    x . .     Faith    .   (no shield)
rNeg     . . .     Spirit   .   a - +0 robe
rPois    ∞         Reflect  .   f - +1 helmet
rElec    .         Harm     .   (no cloak)
rCorr    .         Rampage  .   (no gloves)
Will     .....                  (boots unavailable)
Stlth    ++........             (no amulet)
HPRegen  0.10/turn              (no ring)
MPRegen  0.00/turn              (no ring)

@: ice-armoured, frozen ramparts, flying
A: fire resistance 2, cold vulnerability 1, float, innate caster, hp casting,
extra vitality 1
a: Renounce Religion


You were on level 4 of the Dungeon.
You worshipped Makhleb.
Makhleb was noncommittal.
You visited 1 branch of the dungeon, and saw 4 of its levels.

You collected 157 gold pieces.

Inventory:

Armour
 a - a +0 robe (worn)
 f - a +1 helmet (worn)
Wands
 k - a wand of polymorph (10)
Scrolls
 b - a scroll of silence {unknown}
 c - 3 scrolls of teleportation
 g - a scroll of acquirement {unknown}
 h - 2 scrolls of amnesia {unknown}
Potions
 d - 2 potions of brilliance
 e - 2 potions of lignification
 i - a potion of heal wounds {unknown}
 j - a potion of curing {unknown}


   Skills:
 - Level 2.1 Dodging
 - Level 1.5 Stealth
 + Level 5.2 Spellcasting
 + Level 0.0 Invocations


You couldn't memorise any spells.
You knew the following spells:

 Your Spells              Type           Power      Damage    Failure   Level
a - Freeze                Ice            88%        1d10      1%          1
b - Frozen Ramparts       Ice            44%        1d6       4%          3
c - Ozocubu's Armour      Ice            22%        N/A       4%          3
d - Hailstorm             Conj/Ice       22%        3d7       16%         4
e - Summon Ice Beast      Ice/Summ       22%        N/A       16%         4
f - Summon Small Mammal   Summ           88%        N/A       1%          1
Your spell library was empty.

Dungeon Overview and Level Annotations

Branches:
Dungeon (4/15)
 Temple: D:4-7

Altars:
Makhleb
Yredelemnul
Zin


Innate Abilities, Weirdness & Mutations

You are immune to poison.
Your flesh is very heat resistant. (rF++)
You are vulnerable to cold. (rC-)
You float through the air rather than walking.
You learn spells naturally, not from books.
Your magical power is your life essence.
You have superior vitality. (+4 HP)


Message History

Found a burning altar of Makhleb.
Found an escape hatch in the ceiling.
The angel shouts!
The Executioner gives a hideous shriek!
Found a glowing silver altar of Zin.
There is a burning altar of Makhleb here.
You hover solemnly before the altar of Makhleb.
Makhleb welcomes you!
You reach down and open the door.
An ogre comes into view. It is wielding a +0 giant club.
There is an open door here.
The angel explains the importance of the one true way.
Casting: Freeze (safe; 1% risk of failure)
Confirm with . or Enter, or press ? or * to list all spells.
Okay, then.
Casting: Freeze (safe; 1% risk of failure)
Confirm with . or Enter, or press ? or * to list all spells.
Casting: Frozen Ramparts (dangerous; 4% risk of failure)
Press: ? - help, Dir - look around, f - activate The walls around you are covered in ice.
Casting: Frozen Ramparts (dangerous; 4% risk of failure)
Confirm with . or Enter, or press ? or * to list all spells.
A film of ice covers your body!
The wall freezes the ogre.
Casting: Ozocubu's Armour (dangerous; 4% risk of failure)
Confirm with . or Enter, or press ? or * to list all spells.
Your icy armour thickens.
The wall freezes the ogre.
The ogre hits you with a +0 giant club!
Aiming: Freeze (safe; 1% risk of failure)
Press: ? - help, Q - select action, (/) - cycle Shift-Dir - straight line, f - ogre
Aim: an ogre, wielding a +0 giant club (moderately wounded)
You freeze the ogre.
The ogre is heavily wounded.
The wall freezes the ogre.
The ogre closely misses you.
Aiming: Freeze (safe; 1% risk of failure)
Press: ? - help, Q - select action, (/) - cycle Shift-Dir - straight line, f/p - ogre
Aim: an ogre, wielding a +0 giant club (severely wounded)
You freeze the ogre.
The ogre is severely wounded.
The wall freezes the ogre.
The ogre hits you with a +0 giant club!!
Ouch! That really hurt!
You die...

######< #....... ###
#. #....... #A# ...
#....... ##### ....
#......###._.###...
#........#...#..#.#..
#........+...'.......
#.......@O...#..#.#..
#......###._.####
#.......#.###.#
#.......###1#####
#........#### ...
#........#####.#
#..............#
#..............#
#.............#


You could see an ogre.

Vanquished Creatures
  An orc wizard (D:3)
  An adder (D:2)
  A worm (D:2)
  2 dart slugs
  3 orcs
  3 ball pythons
  10 endoplasms
  3 giant cockroaches
  3 goblins
  8 hobgoblins
  8 jackals
  A quokka (D:3)
  5 bats
  2 frilled lizards (D:1)
  5 kobolds
  2 rats
58 creatures vanquished.

Vanquished Creatures (collateral kills)
  An endoplasm (D:2)
1 creature vanquished.

Grand Total: 59 creatures vanquished

Notes
Turn   | Place    | Note
-------+----------+-------------------------------------------
     0 | D:1      | siradein the Djinni Ice Elementalist began the quest for
                  | the Orb.
     0 | D:1      | Reached XP level 1. HP: 15/15 MP: 0/0
   446 | D:1      | Reached XP level 2. HP: 17/21 MP: 0/0
   553 | D:1      | Reached skill level 4 in Spellcasting
  1305 | D:2      | Reached XP level 3. HP: 24/25 MP: 0/0
  1305 | D:2      | Learned a level 1 spell: Summon Small Mammal
  2213 | D:2      | Reached XP level 4. HP: 25/31 MP: 0/0
  2540 | D:3      | Reached skill level 5 in Spellcasting
  2627 | D:3      | Found a faded altar of an unknown god.
  2880 | D:3      | Found a basalt altar of Yredelemnul.
  3249 | D:4      | Found a burning altar of Makhleb.
  3251 | D:4      | Found a glowing silver altar of Zin.
  3251 | D:4      | Noticed an angel
  3251 | D:4      | Noticed an Executioner
  3254 | D:4      | Became a worshipper of Makhleb the Destroyer
  3261 | D:4      | Noticed an ogre
  3275 | D:4      | Demolished by an ogre

Illustrated notes

Levels and vault maps discovered:
D:1:      lemuel_arrival_hallway, layout_basic, hangedman_decor_points,
          serial_bayou_pond_d
D:2:      layout_rooms, minmay_pentomino_o2
D:3:      layout_basic, old_standard_altar, basic_ecumenical_altar
D:4:      layout_basic, grunt_temple_overflow_order_and_chaos_2,
          grunt_ministairs_15, uniq_grinder, uniq_eustachio, uniq_natasha

Skill      XL: |  1  2  3  4 |
---------------+-------------+-----
Spellcasting   | 4 5 |  5.2
Dodging        | |  2.1
Stealth        | |  1.5

Action                   |  1- 3 |  4- 6 || total
-------------------------+-------+-------++-------
 Cast: Freeze            |    58 |    27 ||    85
       Summon Small Mamm |     3 |       ||     3
       Frozen Ramparts   |     1 |     4 ||     5
       Ozocubu's Armour  |       |     2 ||     2
  Use: Scroll            |       |     4 ||     4
Armor: Robe              |     3 |     6 ||     9
Dodge: Dodged            |    20 |    16 ||    36

Table legend: (Time is in decaauts)
 A = Elapsed time spent in this place.
 B = Non-inter-level travel time spent in this place.
 C = Inter-level travel time spent in this place.
 D = Time resting spent in this place.
 E = Time spent auto-exploring this place.
 F = Levels seen in this place.
 G = Mean time per level.
                   A        B        C        D        E       F      G
               +--------+--------+--------+--------+--------+-----+--------+
         Total |   3274 |   3223 |     51 |      9 |   2850 |   4 |  818.5 |
       Dungeon |   3274 |   3223 |     51 |      9 |   2850 |   4 |  818.5 |
               +--------+--------+--------+--------+--------+-----+--------+

Top non-repeatable levels by time:
     D:1: 1301 daAuts
     D:2: 1189 daAuts
     D:3: 699 daAuts
     D:4: 83 daAuts
